[Event "Titled Tuesday Blitz October 31 Early 2023"]
[White "sjoerd893"]
[Black "UK_23"]
[WhiteElo "2522"]
[BlackElo "2402"]
[Result "1-0"]
[Round "9"]
[TimeControl "180+1"]
[Date "2023.10.31"]
[WhiteClock "0:00:35"]
[BlackClock "0:00:14"]
[Board "89"]

1. e4 e5 2. Nf3 Nc6 3. Bc4 Nf6 4. Ng5 d5 5. exd5 Na5 6. Bb5+ c6 7. dxc6 bxc6 8. Bd3 Nd5 9. Nf3 Bd6 10. O-O Nf4 11. Re1 Nxd3 12. cxd3 Bg4 13. d4 f6 14. dxe5 fxe5 15. d4 O-O 16. dxe5 Bb4 17. Qxd8 Raxd8 18. Bd2 Bxd2 19. Nbxd2 Rfe8 20. b4 Bxf3 21. Nxf3 Nc4 22. Rac1 Nb2 23. Rxc6 Nd3 24. Rb1 Nxb4 25. Rc7 Nxa2 26. Rxa7 Nc3 27. Re1 Re6 28. h3 Rde8 29. Ra5 h6 30. Nd4 R6e7 31. f4 Rd8 32. Nc6 1-0


[Site "https://www.chess.com"]

[Event "Titled Tuesday Blitz October 31 Early 2023"]
[White "Ekdyshman, Mikhail"]
[Black "Hoffmann, Asa"]
[WhiteFideId "4149416"]
[BlackFideId "2001470"]
[WhiteElo "2509"]
[BlackElo "2397"]
[Result "0-1"]
[Round "9"]
[TimeControl "180+1"]
[Date "2023.10.31"]
[WhiteClock "0:00:12"]
[BlackClock "0:00:57"]
[Board "90"]

1. e4 d6 2. d4 Nf6 3. Nc3 c6 4. g3 Nbd7 5. Bg2 e5 6. Nge2 Be7 7. h3 b5 8. a3 a6 9. O-O Bb7 10. Be3 Qc7 11. f4 O-O 12. g4 Ne8 13. f5 h6 14. Qd2 exd4 15. Nxd4 Ne5 16. b3 Qd8 17. Rad1 Bg5 18. Nde2 Bxe3+ 19. Qxe3 Qf6 20. Ng3 Qg5 21. Qf2 Rd8 22. Nce2 Qe7 23. Nf4 Nf6 24. Rfe1 c5 25. Nd5 Bxd5 26. exd5 Rfe8 27. Kh1 Nfxg4 28. hxg4 Nxg4 29. Rxe7 Nxf2+ 30. Kg1 Nxd1 31. Re4 Ne3 32. Rxe8+ Rxe8 33. Be4 Ng4 34. Bf3 Nf6 35. Kf2 c4 36. bxc4 bxc4 37. Ne2 Re5 38. Nd4 Nxd5 39. Nc6 Rxf5 40. Kg3 Rxf3+ 41. Kxf3 Kf8 42. Ke4 Nf6+ 43. Kd4 d5 44. Kc5 h5 45. Kb6 h4 46. Ne5 h3 47. Nf3 d4 48. Kc5 d3 49. cxd3 cxd3 50. Kd4 d2 51. Nxd2 h2 0-1


[Site "https://www.chess.com"]

[Event "Titled Tuesday Blitz October 31 Early 2023"]
[White "Heinemann, Josefine"]
[Black "LiadCuba"]
[WhiteFideId "12900460"]
[WhiteElo "2506"]
[BlackElo "2361"]
[Result "0-1"]
[Round "9"]
[TimeControl "180+1"]
[Date "2023.10.31"]
[WhiteClock "0:00:08"]
[BlackClock "0:00:11"]
[Board "91"]

1. a3 e5 2. c4 Nf6 3. d3 d5 4. cxd5 Nxd5 5. Nf3 Nc6 6. e4 Nf6 7. Be2 Bg4 8. Be3 Bxf3 9. Bxf3 Nd4 10. Nd2 Bc5 11. O-O O-O 12. Nb3 Bb6 13. Rc1 c6 14. Nxd4 Bxd4 15. b4 Qd6 16. Qb3 Rfd8 17. Rfd1 Nd7 18. Bxd4 Qxd4 19. Rc3 Nf8 20. Bg4 Rd6 21. g3 Rad8 22. Rdc1 Qb6 23. a4 Rf6 24. R1c2 Rd4 25. b5 cxb5 26. axb5 g6 27. h4 h5 28. Bh3 Qa5 29. Rc7 Rb4 30. Qc3 Rb1+ 31. Kg2 Qxb5 32. Rc5 Qb6 33. Qxe5 Rd1 34. d4 Qa6 35. R5c4 Rc6 36. Rxc6 Qf1+ 37. Kf3 Rd3+ 38. Kf4 Qd1 39. Qf6 Rf3+ 40. Ke5 Nd7+ 41. Kd6 Rxf6+ 42. Ke7 Rxc6 0-1


[Site "https://www.chess.com"]

[Event "Titled Tuesday Blitz October 31 Early 2023"]
[White "Buscar, Michael"]
[Black "Pinero Rodriguez, Carlos Jose"]
[WhiteFideId "2603616"]
[BlackFideId "3901726"]
[WhiteElo "2330"]
[BlackElo "2490"]
[Result "0-1"]
[Round "9"]
[TimeControl "180+1"]
[Date "2023.10.31"]
[WhiteClock "0:00:17"]
[BlackClock "0:01:06"]
[Board "92"]

1. e4 c5 2. Nf3 e6 3. Bb5 a6 4. Bd3 Nc6 5. O-O Qc7 6. c3 Nf6 7. Re1 Ng4 8. h3 h5 9. a4 b6 10. Na3 Bb7 11. Nc4 f6 12. e5 f5 13. hxg4 hxg4 14. Nh2 Qd8 15. Nf1 Qh4 16. f3 g3 17. Nxg3 Qxg3 18. Bf1 Be7 19. Nxb6 c4 20. Nxc4 Qh2+ 21. Kf2 Qh4+ 22. Kg1 Qh2+ 23. Kf2 Bh4+ 24. Ke2 Nxe5 25. Nd6+ Ke7 26. Nxb7 Qg1 27. Qb3 Qf2+ 28. Kd1 Qxe1+ 29. Kc2 Qxf1 30. d4 Qd3# 0-1


[Site "https://www.chess.com"]

[Event "Titled Tuesday Blitz October 31 Early 2023"]
[White "Panda Sambit"]
[Black "Babarsik1977"]
[WhiteFideId "25091794"]
[WhiteElo "2481"]
[BlackElo "2323"]
[Result "1-0"]
[Round "9"]
[TimeControl "180+1"]
[Date "2023.10.31"]
[WhiteClock "0:00:16"]
[BlackClock "0:00:14"]
[Board "93"]

1. d4 e6 2. Nf3 f5 3. b3 Nf6 4. g3 d5 5. Bg2 c6 6. O-O Bd6 7. Ba3 O-O 8. c4 b6 9. Bxd6 Qxd6 10. Nc3 Ba6 11. Ne5 Nbd7 12. f4 Rac8 13. Rc1 Ne4 14. Nxe4 dxe4 15. e3 Rfd8 16. Nxd7 Rxd7 17. Rf2 c5 18. Rd2 Rcd8 19. d5 exd5 20. cxd5 Bd3 21. Rxd3 exd3 22. Qxd3 Re7 23. Re1 Rde8 24. Kf2 g6 25. h3 Qf6 26. Bf3 Rd8 27. Re2 Kg7 28. g4 fxg4 29. hxg4 Qh4+ 30. Kg2 h5 31. g5 Rde8 32. d6 Rd7 33. Qc3+ Kh7 34. Qf6 Red8 35. Be4 Rxd6 36. Bxg6+ Kg8 37. Qf7+ Kh8 38. Qh7# 1-0


[Site "https://www.chess.com"]

[Event "Titled Tuesday Blitz October 31 Early 2023"]
[White "Kotlyar, Kirill"]
[Black "gpsji27"]
[WhiteFideId "24145599"]
[WhiteElo "2479"]
[BlackElo "2312"]
[Result "1-0"]
[Round "9"]
[TimeControl "180+1"]
[Date "2023.10.31"]
[WhiteClock "0:00:20"]
[BlackClock "0:00:00"]
[Board "94"]

1. c4 Nf6 2. g3 e6 3. Nf3 d5 4. b3 Be7 5. Bb2 Nbd7 6. Bg2 O-O 7. O-O b6 8. d4 Bb7 9. Nbd2 c5 10. cxd5 exd5 11. Rc1 Rc8 12. dxc5 bxc5 13. e3 Nb6 14. Re1 Re8 15. Nh4 Bf8 16. Nhf3 Qd6 17. Rc2 Red8 18. Qa1 Be7 19. Ne5 Nfd7 20. Nd3 Bf6 21. Nf4 Bxb2 22. Qxb2 Nf6 23. Rec1 Ba6 24. Qa3 Nbd7 25. Qa5 Bb7 26. Qxa7 Bc6 27. Qa3 Ra8 28. Qb2 h6 29. Nd3 Rdc8 30. Nxc5 1-0


[Site "https://www.chess.com"]

[Event "Titled Tuesday Blitz October 31 Early 2023"]
[White "Shuvalov, Evgenij"]
[Black "Shapiro, Daniel"]
[WhiteFideId "4187237"]
[BlackFideId "2001780"]
[WhiteElo "2463"]
[BlackElo "2319"]
[Result "1/2-1/2"]
[Round "9"]
[TimeControl "180+1"]
[Date "2023.10.31"]
[WhiteClock "0:00:43"]
[BlackClock "0:00:14"]
[Board "95"]

1. e4 c5 2. Nf3 Nc6 3. d4 cxd4 4. Nxd4 Nf6 5. Nc3 d6 6. Bg5 Qb6 7. Nb3 e6 8. Qd2 a6 9. O-O-O Be7 10. Bxf6 Bxf6 11. Qxd6 Qxf2 12. Kb1 Be7 13. Qd3 Nb4 14. Qe2 Qxe2 15. Bxe2 O-O 16. Na4 b5 17. Nb6 Ra7 18. a3 Nc6 19. Nxc8 Rxc8 20. Rhf1 Rac7 21. c3 Ne5 22. Na5 Kf8 23. Rd2 Ke8 24. Rfd1 Rd8 25. Rxd8+ Bxd8 26. Rd6 Ra7 27. Nc6 Nxc6 28. Rxc6 Kd7 29. Rxa6 Rxa6 30. Bxb5+ Rc6 31. Kc2 Kc7 32. Bxc6 Kxc6 33. Kd3 Bc7 34. h3 f5 35. exf5 exf5 36. Kc4 g5 37. b4 h5 38. a4 g4 39. hxg4 fxg4 40. Kd4 h4 41. Ke4 h3 42. gxh3 gxh3 43. Kf3 h2 44. Kg2 Kd5 45. a5 Kc4 46. Kh1 Kxc3 47. b5 Bxa5 48. Kxh2 Kc4 49. b6 Bxb6 1/2-1/2


[Site "https://www.chess.com"]

[Event "Titled Tuesday Blitz October 31 Early 2023"]
[White "Deuterio010"]
[Black "alfianasybullina"]
[WhiteElo "2456"]
[BlackElo "2308"]
[Result "1-0"]
[Round "9"]
[TimeControl "180+1"]
[Date "2023.10.31"]
[WhiteClock "0:00:59"]
[BlackClock "0:00:43"]
[Board "96"]

1. e4 e6 2. d4 d5 3. Bd3 dxe4 4. Bxe4 Nf6 5. Bf3 c5 6. Ne2 Nc6 7. Be3 cxd4 8. Nxd4 Nxd4 9. Bxd4 Be7 10. O-O O-O 11. c3 Qa5 12. Nd2 Nd5 13. Qe2 Bf6 14. Nb3 Qd8 15. Rad1 Bxd4 16. Rxd4 Qb6 17. Bxd5 exd5 18. Rxd5 Be6 19. Rb5 Qa6 20. Nc5 Qxa2 21. Nxe6 Qxe6 22. Qxe6 fxe6 23. Rxb7 Rab8 24. Rxb8 Rxb8 25. b4 Rc8 26. Rc1 Rc4 27. Kf1 e5 28. Ke2 e4 29. Kd2 Kf7 30. Kc2 Ke6 31. Kb3 Rc7 32. Re1 Kf5 33. Re3 g5 34. f3 exf3 35. Rxf3+ Ke4 36. Rf6 h5 37. c4 g4 38. Rh6 Kd4 39. c5 a5 40. Rxh5 axb4 41. Kxb4 Rb7+ 42. Ka5 Ra7+ 43. Kb6 Ra2 44. c6 Rb2+ 45. Rb5 Rxg2 46. c7 Rc2 47. Kb7 1-0


[Site "https://www.chess.com"]

[Event "Titled Tuesday Blitz October 31 Early 2023"]
[White "MIM06"]
[Black "Rosh Jain"]
[BlackFideId "25789465"]
[WhiteElo "2207"]
[BlackElo "2440"]
[Result "1/2-1/2"]
[Round "9"]
[TimeControl "180+1"]
[Date "2023.10.31"]
[WhiteClock "0:00:31"]
[BlackClock "0:00:27"]
[Board "97"]

1. e4 e5 2. Nf3 Nc6 3. Bb5 a6 4. Ba4 Nf6 5. d3 Be7 6. c3 O-O 7. O-O b5 8. Bc2 d6 9. Bg5 Bb7 10. Nbd2 Nb8 11. Re1 Nbd7 12. d4 c5 13. h3 h6 14. Bh4 Re8 15. Nf1 g5 16. Bg3 Bf8 17. d5 Nb6 18. Ne3 Bc8 19. a4 Bd7 20. b3 Bg7 21. a5 Nc8 22. c4 b4 23. Nh2 Ne7 24. Nhg4 Ng6 25. Nxf6+ Qxf6 26. Qh5 Qd8 27. Ng4 Bxg4 28. Qxg4 Qc8 29. Qxc8 Raxc8 30. Bd1 Ne7 31. Bg4 Rc7 32. Re3 Rf8 33. Rf3 Rb7 34. Bf5 Nxf5 35. Rxf5 f6 36. f3 Kf7 37. h4 Kg6 38. Bf2 Rff7 39. g4 Bf8 40. h5+ Kg7 41. Kf1 Be7 42. Ke2 Bd8 43. Kd2 Rfc7 44. Kc2 Rb8 45. Be3 Rcb7 46. Ra2 Bc7 47. Ra1 Bd8 48. Ra2 Kf7 49. Ra1 Kg7 1/2-1/2


[Site "https://www.chess.com"]

[Event "Titled Tuesday Blitz October 31 Early 2023"]
[White "Kim, Sergey"]
[Black "Witty_Alien"]
[WhiteFideId "13700570"]
[WhiteElo "2581"]
[BlackElo "2258"]
[Result "1-0"]
[Round "9"]
[TimeControl "180+1"]
[Date "2023.10.31"]
[WhiteClock "0:00:48"]
[BlackClock "0:00:00"]
[Board "98"]

1. d4 e5 2. dxe5 d6 3. Nf3 Nc6 4. e4 Bg4 5. Be2 Qd7 6. Be3 O-O-O 7. Nbd2 Kb8 8. c3 dxe5 9. Qa4 a6 10. O-O-O Nd4 11. Qxd7 Nxe2+ 12. Kb1 Rxd7 13. Nxe5 Re7 14. Nxg4 h5 15. h3 hxg4 16. hxg4 Rxh1 17. Rxh1 Nf6 18. Re1 Nxg4 19. Rxe2 Nxe3 20. Rxe3 Rd7 21. Kc2 Bc5 22. Rf3 f6 23. Nb3 Bb6 24. a4 Re7 25. a5 Ba7 26. Nd2 b5 27. Rf5 Re8 28. f3 Kb7 29. Rh5 Be3 30. Nb3 Bh6 31. Nc5+ Kc6 32. Nxa6 b4 33. Nxb4+ Kb7 34. Rb5+ Ka7 35. c4 Rd8 36. Nc6+ Ka6 37. Nxd8 1-0


[Site "https://www.chess.com"]

[Event "Titled Tuesday Blitz October 31 Early 2023"]
[White "Petrova, Irina"]
[Black "LeoLV10"]
[WhiteFideId "14124122"]
[WhiteElo "2314"]
[BlackElo "2533"]
[Result "0-1"]
[Round "9"]
[TimeControl "180+1"]
[Date "2023.10.31"]
[WhiteClock "0:01:12"]
[BlackClock "0:01:07"]
[Board "99"]

1. e4 c5 2. Nf3 e6 3. c4 Nc6 4. Nc3 a6 5. Be2 g6 6. d4 cxd4 7. Nxd4 Bg7 8. Be3 Nge7 9. O-O O-O 10. Qd2 Qc7 11. Rfc1 b6 12. Nd5 exd5 13. cxd5 Bb7 14. dxc6 dxc6 15. a4 Rad8 16. Qc3 c5 17. Qc4 Qb8 18. Nf3 Nc8 19. Qc2 Nd6 20. Nd2 Rfe8 21. f3 Nf5 22. Bf2 Nd4 23. Qd1 Bh6 24. Rc2 Nxc2 25. Qxc2 Rxd2 0-1


[Site "https://www.chess.com"]

[Event "Titled Tuesday Blitz October 31 Early 2023"]
[White "Czerw, Dawid"]
[Black "Antonio, Jorge Carlos"]
[WhiteFideId "1145746"]
[BlackFideId "113190"]
[WhiteElo "2495"]
[BlackElo "2325"]
[Result "1-0"]
[Round "9"]
[TimeControl "180+1"]
[Date "2023.10.31"]
[WhiteClock "0:00:24"]
[BlackClock "0:00:02"]
[Board "100"]

1. e4 c5 2. Nf3 e6 3. d4 cxd4 4. Nxd4 a6 5. Nc3 Nc6 6. Qd3 Nf6 7. Nxc6 bxc6 8. Qg3 Nh5 9. Qh3 g6 10. Bd3 Bg7 11. Bd2 O-O 12. g4 Nf6 13. g5 Ne8 14. f4 d5 15. e5 c5 16. Qg4 Bb7 17. O-O-O Qa5 18. Kb1 Qb6 19. h4 Bc6 20. h5 Rb8 21. Bc1 c4 22. hxg6 fxg6 23. Qxe6+ Rf7 24. Rxh7 Bd7 25. Qxb6 Rxb6 26. Rxg7+ Kxg7 27. Nxd5 Rc6 28. Be4 Rc8 29. Nf6 Bf5 30. Bxf5 gxf5 31. Rh1 Nxf6 32. exf6+ Kg8 33. Be3 Rc6 34. Bd4 Rh7 35. Re1 Kf7 36. Re7+ Kg6 37. Rxh7 Kxh7 38. f7 Rc8 39. Bc5 Kg7 40. f8=Q+ Rxf8 41. Bxf8+ Kxf8 42. Kc1 1-0


[Site "https://www.chess.com"]

[Event "Titled Tuesday Blitz October 31 Early 2023"]
[White "Malikova777"]
[Black "Arutla, Aditya"]
[BlackFideId "30961998"]
[WhiteElo "2297"]
[BlackElo "2483"]
[Result "1-0"]
[Round "9"]
[TimeControl "180+1"]
[Date "2023.10.31"]
[WhiteClock "0:00:12"]
[BlackClock "0:00:00"]
[Board "101"]

1. d4 Nf6 2. c4 g6 3. Nc3 Bg7 4. e4 O-O 5. e5 Ne8 6. f4 d6 7. Nf3 c5 8. dxc5 Nc6 9. cxd6 exd6 10. Be2 Be6 11. exd6 Nxd6 12. c5 Bxc3+ 13. bxc3 Ne4 14. Qxd8 Rfxd8 15. Be3 Nxc3 16. a3 Na5 17. Kf2 Nb3 18. Rae1 Ne4+ 19. Kf1 Nexc5 20. Rb1 Ne4 21. Ng5 Ned2+ 22. Kf2 Nxb1 23. Rxb1 Na5 24. Nxe6 fxe6 25. Bf3 Rac8 26. Bxa7 Rc2+ 27. Kg3 Rd3 28. Bb6 Nc4 29. Bc7 Nd2 30. Rxb7 Nxf3 31. gxf3 Rcc3 32. Be5 Rxf3+ 33. Kg4 Rxa3 34. Kg5 Ra2 35. Kf6 Ra8 36. Rg7+ Kh8 37. Re7 Rf8+ 38. Kxe6+ Kg8 39. Rg7+ Kh8 40. Rxg6+ 1-0


[Site "https://www.chess.com"]

[Event "Titled Tuesday Blitz October 31 Early 2023"]
[White "Zivic, Dragan"]
[Black "Rosenberg, Evan S"]
[WhiteFideId "904740"]
[BlackFideId "2019299"]
[WhiteElo "2289"]
[BlackElo "2459"]
[Result "1/2-1/2"]
[Round "9"]
[TimeControl "180+1"]
[Date "2023.10.31"]
[WhiteClock "0:00:03"]
[BlackClock "0:00:03"]
[Board "102"]

1. c4 e6 2. Nc3 d5 3. cxd5 exd5 4. d4 c6 5. Bf4 Bf5 6. e3 Nf6 7. Bd3 Bg6 8. Nf3 Nbd7 9. O-O Be7 10. h3 O-O 11. Ne5 Nxe5 12. dxe5 Nd7 13. Bg3 Re8 14. f4 Bxd3 15. Qxd3 Nc5 16. Qd2 f6 17. Kh2 fxe5 18. fxe5 Ne6 19. Ne2 Bh4 20. Qe1 Bxg3+ 21. Qxg3 Qg5 22. Qxg5 Nxg5 23. Rf5 h6 24. Raf1 Re7 25. Nf4 Rae8 26. h4 Ne4 27. Ng6 Re6 28. h5 Ng5 29. Rf8+ Kh7 30. R8f5 Rxg6 31. hxg6+ Kxg6 32. Rf8 Rxe5 33. Rb8 Re7 34. Ra8 a6 35. Ra7 Ne6 36. b4 Nd8 37. Ra8 Nf7 38. Rb8 Nd6 39. Rd8 Nc4 40. a4 Nxe3 41. Rf3 Ng4+ 42. Kg3 Ne5 43. Re3 Kf5 44. b5 axb5 45. axb5 Re6 46. Rf8+ Kg6 47. bxc6 bxc6 48. Kf4 Rf6+ 49. Rxf6+ gxf6 50. Rg3+ Kf7 51. Kf5 h5 52. Rh3 d4 53. Rxh5 Kg7 54. Rh1 c5 55. g4 d3 56. g5 c4 57. gxf6+ Kf7 58. Rh7+ Kg8 59. Rg7+ Kf8 60. Kxe5 c3 61. Rc7 d2 62. Ke6 Kg8 63. Rc8+ Kh7 64. Rc7+ Kg6 65. Rg7+ Kh6 66. f7 Kxg7 67. Ke7 d1=Q 68. f8=Q+ Kg6 69. Qf6+ Kh5 70. Qxc3 Qe2+ 71. Kd6 Kg4 72. Kc5 Qf3 73. Qxf3+ Kxf3 1/2-1/2


[Site "https://www.chess.com"]

[Event "Titled Tuesday Blitz October 31 Early 2023"]
[White "Schut, Han"]
[Black "Herman, Daniel"]
[WhiteFideId "1005561"]
[BlackFideId "30935008"]
[WhiteElo "2288"]
[BlackElo "2437"]
[Result "1-0"]
[Round "9"]
[TimeControl "180+1"]
[Date "2023.10.31"]
[WhiteClock "0:00:14"]
[BlackClock "0:00:07"]
[Board "103"]

1. e4 e5 2. Nf3 Nc6 3. Bc4 Nf6 4. d4 exd4 5. e5 d5 6. Bb5 Ne4 7. Nxd4 Bd7 8. Bxc6 bxc6 9. O-O Bc5 10. f3 Ng5 11. Be3 O-O 12. f4 Ne4 13. Nd2 Nxd2 14. Qxd2 Bb6 15. Nb3 Bf5 16. Qc3 Qd7 17. Bc5 Rfe8 18. a4 a5 19. Nd4 Be4 20. Rf2 Rac8 21. b4 f6 22. e6 Rxe6 23. Nxe6 Qxe6 24. bxa5 Bxc5 25. Qxc5 Ra8 26. Rc1 Qd6 27. Qc3 d4 28. Qb3+ Qd5 29. Qb7 c5 30. Qxc7 h5 31. Rb1 h4 32. h3 Kh7 33. Rb8 Rxb8 34. Qxb8 c4 35. Qb5 d3 36. Qxd5 Bxd5 37. cxd3 cxd3 38. Rd2 Bc4 39. Kf2 Kg6 40. Ke3 Kf5 41. Kd4 Ba6 42. Kc5 Kxf4 43. Kb6 Bc4 44. a6 Bxa6 45. Kxa6 Ke3 46. Rd1 Ke2 47. Ra1 d2 48. Kb5 d1=Q 49. Rxd1 Kxd1 50. a5 Ke2 51. a6 Kf2 52. a7 Kxg2 53. a8=Q+ Kxh3 54. Qh1+ Kg3 55. Kc4 g5 56. Kd3 g4 57. Ke2 h3 58. Qg1+ Kh4 59. Kf2 f5 60. Qg3+ Kg5 61. Ke3 Kg6 62. Kf4 Kf6 63. Qh4+ Ke6 64. Qg5 h2 65. Qxf5+ Kd6 66. Qh5 1-0


[Site "https://www.chess.com"]

[Event "Titled Tuesday Blitz October 31 Early 2023"]
[White "Prieto Aranguren, Alain"]
[Black "Nekoo04"]
[WhiteFideId "2268906"]
[WhiteElo "2410"]
[BlackElo "2287"]
[Result "1-0"]
[Round "9"]
[TimeControl "180+1"]
[Date "2023.10.31"]
[WhiteClock "0:00:19"]
[BlackClock "0:00:10"]
[Board "104"]

1. e4 c5 2. Nf3 d6 3. d4 cxd4 4. Nxd4 Nf6 5. Nc3 g6 6. Be3 Bg7 7. f3 Nc6 8. Qd2 O-O 9. Bc4 Bd7 10. O-O-O Rb8 11. Bb3 Na5 12. Kb1 b5 13. Ka1 Nc4 14. Bxc4 bxc4 15. Bh6 Bxh6 16. Qxh6 Qa5 17. h4 Qb6 18. Qc1 Rb7 19. Nd5 Nxd5 20. exd5 Rfb8 21. b3 Qa5 22. h5 cxb3 23. cxb3 Qxd5 24. hxg6 fxg6 25. Qh6 Qf7 26. f4 Qg7 27. Qxg7+ Kxg7 28. g3 h5 29. Rhe1 Bg4 30. Rd2 Rc8 31. Kb2 Rbc7 32. Re3 Kf7 33. b4 Rc4 34. a3 a5 35. Kb3 axb4 36. axb4 Rc1 37. b5 R8c5 38. Rb2 e5 39. fxe5 dxe5 40. Nf3 Rxb5+ 41. Ka2 Rxb2+ 42. Kxb2 Bxf3 43. Rxf3+ Ke6 44. Kxc1 e4 45. Rf8 g5 46. Kd2 h4 47. gxh4 gxh4 48. Ke3 1-0


[Site "https://www.chess.com"]

[Event "Titled Tuesday Blitz October 31 Early 2023"]
[White "Novikova, Galina"]
[Black "Goh, Zi Han"]
[WhiteFideId "4157095"]
[BlackFideId "5819156"]
[WhiteElo "2410"]
[BlackElo "2278"]
[Result "0-1"]
[Round "9"]
[TimeControl "180+1"]
[Date "2023.10.31"]
[WhiteClock "0:00:04"]
[BlackClock "0:01:29"]
[Board "105"]

1. e4 c5 2. Nf3 d6 3. d4 cxd4 4. Nxd4 Nf6 5. Nc3 a6 6. Rg1 h5 7. h3 e5 8. Nb3 Be6 9. g4 hxg4 10. hxg4 d5 11. g5 Nxe4 12. Nxe4 dxe4 13. Qxd8+ Kxd8 14. Bg2 Nc6 15. Be3 Kc7 16. O-O-O Be7 17. Bxe4 Rad8 18. Nc5 Bc8 19. Bd5 Nd4 20. Bxf7 Bxc5 21. Rde1 Bb6 22. g6 Nf3 23. Rh1 Nxe1 24. Rxe1 Bxe3+ 25. fxe3 Kd6 26. b3 Be6 27. Rd1+ Ke7 28. Rf1 Rhf8 29. Kb2 Bxf7 30. gxf7 Rxf7 31. Rg1 Rg8 32. Rg6 Rf6 33. Rg5 g6 34. Rxe5+ Re6 35. Rc5 Kd6 36. Rc3 g5 37. Rd3+ Ke7 38. c4 g4 39. b4 g3 40. Rd1 g2 41. Rg1 Rxe3 42. c5 Rf3 43. Re1+ Kf7 44. Rd1 g1=Q 45. Rd7+ Ke6 46. Rxb7 Rg2# 0-1


[Site "https://www.chess.com"]

[Event "Titled Tuesday Blitz October 31 Early 2023"]
[White "Cardozo Munar, Carlos Eduardo"]
[Black "Tsyhanchuk, Stanislav"]
[WhiteFideId "4409477"]
[BlackFideId "13505130"]
[WhiteElo "2271"]
[BlackElo "2406"]
[Result "0-1"]
[Round "9"]
[TimeControl "180+1"]
[Date "2023.10.31"]
[WhiteClock "0:01:13"]
[BlackClock "0:01:55"]
[Board "106"]

1. d4 Nf6 2. Bg5 Ne4 3. h4 h6 4. Bf4 c5 5. d5 Nf6 6. Nc3 d6 7. e4 g6 8. Nf3 Bg7 9. Qd2 Ng4 10. O-O-O Nd7 11. Bb5 a6 12. Be2 b5 13. h5 g5 14. Bg3 b4 15. Na4 Qa5 16. b3 Nb6 17. Nxb6 Qa3+ 0-1


[Site "https://www.chess.com"]

[Event "Titled Tuesday Blitz October 31 Early 2023"]
[White "Clawitter, Craig"]
[Black "Begunov, Konstantin"]
[WhiteFideId "2023105"]
[BlackFideId "4118510"]
[WhiteElo "2264"]
[BlackElo "2397"]
[Result "0-1"]
[Round "9"]
[TimeControl "180+1"]
[Date "2023.10.31"]
[WhiteClock "0:00:00"]
[BlackClock "0:00:15"]
[Board "107"]

1. e4 c5 2. Nf3 d6 3. d4 cxd4 4. Nxd4 Nf6 5. Nc3 a6 6. Be3 Ng4 7. Bg5 Nc6 8. h3 Qb6 9. hxg4 Qxd4 10. Be2 Qxd1+ 11. Rxd1 e6 12. Bf4 Ne5 13. Be3 Bd7 14. Bb6 Rc8 15. g5 Be7 16. f4 Nc4 17. Bxc4 Rxc4 18. Rd4 Rc6 19. Ba5 e5 20. fxe5 dxe5 21. Rd5 b6 22. Rxe5 bxa5 23. Nd5 Be6 24. g6 Rxc2 25. Rxh7 Rg8 26. Nf4 Bxa2 27. gxf7+ Bxf7 28. Rxa5 Bb4+ 29. Kd1 Bb3 30. Re5+ Kd7 0-1


[Site "https://www.chess.com"]

[Event "Titled Tuesday Blitz October 31 Early 2023"]
[White "Spichkin, Alexander"]
[Black "Kuchava, Ana"]
[WhiteFideId "4144074"]
[BlackFideId "13605348"]
[WhiteElo "2395"]
[BlackElo "2252"]
[Result "0-1"]
[Round "9"]
[TimeControl "180+1"]
[Date "2023.10.31"]
[WhiteClock "0:02:10"]
[BlackClock "0:00:53"]
[Board "108"]

1. f4 d5 2. Nf3 c5 3. e3 Nc6 4. Bb5 Bd7 5. O-O Nf6 6. b3 a6 7. Bxc6 Bxc6 8. Bb2 e6 9. Ne5 Rc8 10. d3 Bd6 11. Rf3 d4 12. Rg3 Nd5 13. Rxg7 Bxe5 14. fxe5 Nxe3 15. Qh5 Rf8 16. Nd2 Qa5 17. Nc4 Nxc4 18. dxc4 Qd2 19. Rf1 Rc7 20. Bc1 Qxc2 21. Bh6 d3 22. Rxh7 Qxg2# 0-1


[Site "https://www.chess.com"]

[Event "Titled Tuesday Blitz October 31 Early 2023"]
[White "Sargissyan, Sargis"]
[Black "Kiseljova, Marya"]
[WhiteFideId "13303210"]
[BlackFideId "4155009"]
[WhiteElo "2394"]
[BlackElo "2237"]
[Result "1-0"]
[Round "9"]
[TimeControl "180+1"]
[Date "2023.10.31"]
[WhiteClock "0:01:20"]
[BlackClock "0:00:16"]
[Board "109"]

1. e4 c5 2. Nf3 Nc6 3. Nc3 g6 4. Bc4 e6 5. O-O Bg7 6. d4 cxd4 7. Nb5 d5 8. exd5 exd5 9. Bxd5 Nge7 10. Bxc6+ Nxc6 11. Re1+ Be6 12. Bg5 Qd7 13. c3 O-O 14. Nbxd4 Nxd4 15. Nxd4 Bg4 16. f3 Bf5 17. Qd2 Rfe8 18. Bh6 Rad8 19. Bxg7 Kxg7 20. Rxe8 Rxe8 21. Re1 Rd8 22. Qg5 h6 23. Nxf5+ Qxf5 24. Qxd8 Qc5+ 25. Qd4+ 1-0


[Site "https://www.chess.com"]

[Event "Titled Tuesday Blitz October 31 Early 2023"]
[White "EvgenyBurmakin"]
[Black "Semenova, Alina"]
[BlackFideId "24113875"]
[WhiteElo "2374"]
[BlackElo "2167"]
[Result "1-0"]
[Round "9"]
[TimeControl "180+1"]
[Date "2023.10.31"]
[WhiteClock "0:00:09"]
[BlackClock "0:00:00"]
[Board "110"]

1. e4 e6 2. d4 d5 3. Nd2 c5 4. exd5 Qxd5 5. Ngf3 cxd4 6. Bc4 Qd6 7. Nb3 Qb4+ 8. Nbd2 Nc6 9. O-O Nf6 10. Re1 Be7 11. a3 Qc5 12. b4 Qd6 13. Bb2 O-O 14. Nb3 e5 15. b5 Nd8 16. Nxe5 Be6 17. Qxd4 Qxd4 18. Nxd4 Rc8 19. Bxe6 Nxe6 20. Nxe6 fxe6 21. c4 Bd6 22. Rac1 Bxe5 23. Bxe5 Kf7 24. Bd6 Rfd8 25. c5 b6 26. cxb6 axb6 27. Bc7 Rd5 28. a4 Ra8 29. Rc4 Nd7 30. h3 Rc8 31. Rec1 Ne5 32. Bxe5 Rxc4 33. Rxc4 Rxe5 34. Rc6 Re4 35. Rxb6 Rxa4 36. Rb8 Rb4 37. b6 e5 38. g3 h5 39. h4 Kg6 40. Kf1 e4 41. Ke2 Rb3 42. b7 Kh7 43. Kd2 Kg6 44. Kc2 Rb6 45. Kc3 1-0


[Site "https://www.chess.com"]

[Event "Titled Tuesday Blitz October 31 Early 2023"]
[White "Mirzanurov, Bulat"]
[Black "Marcziter, Dmitrii"]
[WhiteFideId "4184521"]
[BlackFideId "13900765"]
[WhiteElo "2220"]
[BlackElo "2373"]
[Result "0-1"]
[Round "9"]
[TimeControl "180+1"]
[Date "2023.10.31"]
[WhiteClock "0:00:00"]
[BlackClock "0:00:01"]
[Board "111"]

1. e3 e5 2. e4 Nf6 3. d3 d5 4. exd5 Nxd5 5. Nf3 Nc6 6. Be2 Be7 7. O-O O-O 8. Nc3 Be6 9. Nxd5 Bxd5 10. Be3 Qd7 11. a3 a5 12. c4 Be6 13. d4 exd4 14. Nxd4 Nxd4 15. Qxd4 Qxd4 16. Bxd4 Rad8 17. Bc3 b6 18. Rad1 f6 19. h3 Kf7 20. a4 Bd7 21. b3 Bc6 22. Rfe1 Bc5 23. Bg4 Rxd1 24. Rxd1 g6 25. Bd7 Be4 26. Bb5 Bd6 27. c5 Bxc5 28. Rd7+ Ke6 29. Rxc7 Bd5 30. Rxh7 Bxb3 31. Rh4 Rd8 32. Re4+ Kf5 33. Re1 g5 34. g4+ Kg6 35. Kg2 Bd5+ 36. f3 Bb3 37. Rb1 Bf7 38. Re1 Bb4 39. Bxb4 axb4 40. Re2 b3 41. Rb2 Rc8 42. Kg3 Kg7 43. Bd3 Rc3 44. Bf5 Be8 45. Rf2 Bxa4 46. h4 b5 47. h5 b4 48. Re2 Bc6 49. Re7+ Kf8 50. Re6 Bxf3 51. Rxf6+ Ke7 52. Re6+ Kf7 53. Rb6 Be4+ 54. Kf2 Bxf5 55. gxf5 Rh3 56. Rxb4 b2 0-1


[Site "https://www.chess.com"]